 Dungeon Crawl Stone Soup version 0.31-a0-803-g95b03c3367 (webtiles) character file.

Game seed: 3745772090101707784

83 Dirtsage the Chopper (level 4, -3/35 HPs)
             Began as a Demonspawn Fighter on Sept 21, 2023.
             Killed by divine providence
             ... invoked by an orc priest
              (16 damage)
             ... on level 4 of the Dungeon.
             The game lasted 00:03:55 (1820 turns).

Dirtsage the Chopper (Demonspawn Fighter)           Turns: 1820, Time: 00:03:56

Health: -3/35      AC:  7    Str: 19    XL:     4   Next: 22%
Magic:  4/4        EV:  9    Int:  9    God:
Gold:   67         SH:  5    Dex: 18    Spells: 3/3 levels left

rFire   . . .        a - +0 war axe
rCold   . . .        l - +0 buckler {reflect}
rNeg    . . .        b - +0 scale mail
rPois   .            (no helmet)
rElec   .            (no cloak)
rCorr   .            p - +0 pair of gloves
SInv    .            (no boots)
Will    .....        (no amulet) Stlth
                     m - +6 ring of dexterity
HPRegen 0.25/turn    (no ring)
MPRegen 0.09/turn

%: reflection
@: no status effects
A: powered by death 1
a: no special abilities


You were on level 4 of the Dungeon.
You visited 1 branch of the dungeon, and saw 4 of its levels.

You collected 151 gold pieces.
You spent 84 gold pieces at shops.

Inventory:

Hand Weapons
 a - a +0 war axe (weapon)
Armour
 b - a +0 scale mail (worn)
 l - a +0 buckler of reflection (worn)
 p - a +0 pair of gloves (worn)
Jewellery
 m - a +6 ring of dexterity (left hand)
 W - a ring of wizardry
Wands
 o - a wand of roots (3)
Scrolls
 c - a scroll of amnesia {unknown}
 g - a scroll of poison
 i - a scroll of identify
 n - a scroll of enchant weapon {unknown}
 t - a scroll of teleportation
Potions
 d - 2 potions of might
 e - 2 potions of heal wounds {unknown}
 f - a potion of haste {unknown}
 h - a potion of curing {unknown}
 j - a potion of ambrosia {unknown}
 k - 3 potions of mutation


   Skills:
 - Level 3.0 Fighting
 + Level 4.1 Axes
 - Level 2.6 Armour
 - Level 2.6 Shields


You had 3 spell levels left.
You didn't know any spells.
Your spell library contained the following spells:

 Spells                   Type           Power      Damage    Failure   Level
 Poisonous Vapours        Pois/Air       0%         N/A       93%         2
 Mephitic Cloud           Conj/Pois/Air  0%         N/A       99%         3
 Freezing Cloud           Conj/Ice/Air   0%         6-21      100%        5


Dungeon Overview and Level Annotations

Branches:
Dungeon (4/15)
 Temple: D:4-7

Altars:
Xom

Shops:
D:2 ?


Innate Abilities, Weirdness & Mutations

You regenerate a little health from kills.


Message History

An orc priest comes into view.
It is wielding a +0 dagger of protection.
An orc comes into view. It is wielding a +0 trident.
You barely miss the orc. x2
The orc priest shouts!
The orc shouts!
You block the orc's attack. The orc hits you but does no damage.
The orc hits you with a +0 dagger.
You take 1 damage, and have 34/35 hp.
You block the orc's attack. The orc attacks as it pursues you!
The orc barely misses you.
The ball python bites you but does no damage.
You block the ball python's attack.
Items here: )) ††.
Health restored: 35 The orc attacks as it pursues you!
You block the orc's attack. The orc attacks as it pursues you!
The orc barely misses you.
The orc priest looks satisfied for a moment.
The orc priest calls down the wrath of Beogh upon you.
Beogh smites you!
You take 12 damage, and have 23/35 hp.
MASSIVE DAMAGE!!
The orc attacks as it pursues you! The orc barely misses you.
The ball python attacks as it pursues you!
The ball python barely misses you. You block the ball python's attack.
The orc barely misses you.
The ball python attacks as it pursues you!
The ball python bites you but does no damage.
The ball python grabs you. The ball python constricts you.
The ball python's grasp on you weakens, but your attempt to escape fails.
The ball python bites you but does no damage.
The ball python constricts you. The orc hits you but does no damage.
The orc priest looks satisfied for a moment.
You escape the ball python's grasp.
An adder comes into view.
The orc attacks as it pursues you! The orc hits you but does no damage.
You see here 5 stones.
The orc attacks as it pursues you! The orc hits you with a +0 mace.
The orc priest mumbles some strange prayers to Beogh against you.
Beogh smites you!
The orc priest invokes the aid of Beogh against you.
Beogh smites you!
You die...

.............. .. ... #...###.
...#..##..............# #)###
.....###..........##..####..#
......#..............##.#...##
..............#........o.....#
...........<................#####
#.##..........##......oo....#.#.#
###...........##...o.....#....#..
...............S@S......###......
.#.#.#####.###.##o......##...##..
###.# ##.##.#.##.............#..
### #...................##....
##...†.##.(.......#.......
#.......##............###
#................#....# #
##.##............##..##
##################>##


You could see 2 orc priests, an adder, 3 orcs and a ball python.

Vanquished Creatures
  2 adders
  A worm (D:2)
  2 orcs (D:4)
  An endoplasm (D:2)
  2 giant cockroaches
  4 hobgoblins
  9 jackals
  3 quokkas
  5 ball pythons
  5 bats
  5 frilled lizards
  7 goblins
  5 kobolds
  5 rats
56 creatures vanquished.

Notes
Turn   | Place    | Note
-------+----------+-------------------------------------------
     0 | D:1      | Dirtsage the Demonspawn Fighter began the quest for the
                  | Orb.
     0 | D:1      | Reached XP level 1. HP: 18/18 MP: 1/1
   172 | D:1      | Reached skill level 2 in Axes
   276 | D:1      | Gained mutation: You regenerate a little health from kills.
                  | [demonic ancestry]
   276 | D:1      | Reached XP level 2. HP: 24/24 MP: 2/2
   442 | D:2      | Found a faded altar of an unknown god.
   517 | D:2      | Reached skill level 3 in Axes
   650 | D:2      | Found Wedd's Magic Scroll Shoppe.
   656 | D:2      | Bought a scroll of teleportation for 36 gold pieces
   656 | D:2      | Bought a scroll of identify for 24 gold pieces
   656 | D:2      | Bought a scroll of identify for 24 gold pieces
   679 | D:2      | Reached XP level 3. HP: 28/29 MP: 3/3
  1199 | D:3      | Reached skill level 4 in Axes
  1199 | D:3      | Reached XP level 4. HP: 35/35 MP: 4/4
  1707 | D:4      | Found a shimmering altar of Xom.
  1820 | D:4      | Killed from afar by an orc priest

Illustrated notes

Levels and vault maps discovered:
D:1:      minmay_arrival_split_and_join, layout_basic
D:2:      layout_loops_ring, shapermc_ecumenical_altar_notcrosses, serial_shops,
          shop
D:3:      layout_loops_ring
D:4:      layout_cave_pools, lemuel_crystal_altar, serial_shops,
          kennysheep_mini_moat

Skill      XL: |  1  2  3 |
---------------+----------+-----
Axes           | 2 3 4 |  4.1
Fighting       | |  3.0
Armour         | |  2.6
Shields        | |  2.6

Action                     |  1- 3 |  4- 6 || total
---------------------------+-------+-------++-------
  Melee: War axe           |   146 |    22 ||   168
    Use: Scroll            |     2 |       ||     2
 Armour: Scale mail        |   103 |    17 ||   120
  Dodge: Dodged            |    79 |    16 ||    95
  Block: Buckler           |    42 |    10 ||    52

Table legend: (Time is in decaauts)
 A = Elapsed time spent in this place.
 B = Non-inter-level travel time spent in this place.
 C = Inter-level travel time spent in this place.
 D = Time resting spent in this place.
 E = Time spent auto-exploring this place.
 F = Levels seen in this place.
 G = Mean time per level.
                   A        B        C        D        E       F      G
               +--------+--------+--------+--------+--------+-----+--------+
         Total |   1881 |   1826 |     55 |      0 |   1410 |   4 |  470.2 |
       Dungeon |   1881 |   1826 |     55 |      0 |   1410 |   4 |  470.2 |
               +--------+--------+--------+--------+--------+-----+--------+

Top non-repeatable levels by time:
     D:2: 765 daAuts
     D:3: 573 daAuts
     D:1: 426 daAuts
     D:4: 117 daAuts
